 Dungeon Crawl Stone Soup version 0.17-a0-546-g92f1a90 (webtiles) character file.

6016 Espgualade the Ducker (level 10, -1/59 HPs)
             Began as a Tengu Ice Elementalist on Apr 13, 2015.
             Was a Priest of Vehumet.
             Killed from afar by Erica (37 damage)
             ... with a bolt of poison
             ... on level 9 of the Dungeon.
             The game lasted 00:42:49 (12506 turns).

Espgualade the Ducker (Tengu Ice Elementalist)     Turns: 12506, Time: 00:42:49

Health: -1/59      AC: 11    Str:  8    XL:     10   Next: 86%
Magic:  11/20      EV: 19    Int: 19    God:    Vehumet [***...]
Gold:   538        SH:  0    Dex: 15    Spells: 5 memorised, 7 levels left

rFire  . . .     SeeInvis .     q - +3 dagger (venom)
rCold  . . .     Clarity  .     a - +0 robe
rNeg   . . .     SustAb   .     (no shield)
rPois  .         Gourm    .     (helmet restricted)
rElec  .         Spirit   .     w - +1 cloak
rCorr  .         Warding  .     F - +0 pair of gloves
rMut   .         Stasis   .     (boots unavailable)
MR     .....                    (no amulet)
Stlth  ++++......               (no ring)
                                r - ring of wizardry

@: lethally poisoned (-1 -> -12), icy armour, flying quickly and evasively,
quick, not resistant to hostile enchantments, stealthy
A: beak, talons 3, able to fly 1
a: Renounce Religion


You were on level 9 of the Dungeon.
You worshipped Vehumet.
Vehumet was most pleased with you.
You were not hungry.

You visited 2 branches of the dungeon, and saw 10 of its levels.

You collected 538 gold pieces.

Inventory:

Hand weapons
 q - a +3 dagger of venom (weapon)
 s - a +2 lajatang of pain
 z - a +0 hand crossbow (quivered)
 E - the +3 mace of Exquisite Torment {antimagic, rPois rC+ rN+ Int-2 Dex+4}
   (You found it on level 5 of the Dungeon)

   It disrupts the flow of magical energy around spellcasters and certain
   magical creatures (including the wielder).
   It affects your intelligence (-2).
   It affects your dexterity (+4).
   It protects you from cold.
   It protects you from poison.
   It protects you from negative energy.
Missiles
 A - 68 bolts
Armour
 a - a +0 robe (worn)
 w - a +1 cloak (worn)
 F - a +0 pair of gloves (worn)
Magical staves
 y - an uncursed staff of death {unknown}
Jewellery
 r - a ring of wizardry (left hand)
 P - an uncursed amulet of rage {unknown}
 T - an uncursed ring of stealth {unknown}
Magical devices
 g - a wand of teleportation (0)
 m - a wand of fireball (9)
 B - a wand of paralysis (7)
 Q - a wand of fire (0)
Scrolls
 d - a scroll of brand weapon {unknown}
 e - 2 scrolls of enchant weapon
 f - 7 scrolls of remove curse
 i - 3 scrolls of identify
 j - a scroll of immolation {unknown}
 l - 3 scrolls of magic mapping
 o - 3 scrolls of teleportation {unknown}
 p - 3 scrolls of enchant armour
 u - a scroll of noise {unknown}
 x - 6 scrolls of fog {unknown}
 G - a scroll of random uselessness {unknown}
 N - a scroll of blinking
 O - a scroll of silence {unknown}
Potions
 h - a potion of lignification {unknown}
 k - a potion of heal wounds
 t - 2 potions of resistance
 C - a potion of haste
 H - 2 potions of magic
 I - a potion of mutation {unknown}
 J - a potion of restore abilities
 K - a potion of poison {unknown}
 L - 2 potions of curing
 R - a potion of brilliance {unknown}
 S - a potion of cure mutation {unknown}
Books
 b - a book of Frost

   Spells                             Type                      Level
   a - Freeze                         Ice                          1
   b - Throw Frost                    Conjuration/Ice              2
   c - Ozocubu's Armour               Charms/Ice                   3
   d - Throw Icicle                   Conjuration/Ice              4
   e - Summon Ice Beast               Ice/Summoning                4
   f - Condensation Shield            Ice                          4
Comestibles
 c - 5 bread rations
 n - 6 fruits
 v - 6 meat rations
 D - 5 beef jerkies
 M - 9 slices of pizza
 U - a chunk of flesh


   Skills:
 - Level 5.0 Fighting
 - Level 4.3 Short Blades
 + Level 3.8 Crossbows
 - Level 7.1 Dodging
 - Level 7.0 Stealth
 - Level 6.4 Spellcasting
 + Level 6.5 Conjurations
 + Level 5.5 Summonings
 - Level 5.5 Ice Magic
 + Level 0.2 Evocations


You had 7 spell levels left.
You knew the following spells:

 Your Spells              Type           Power        Failure   Level  Hunger
a - Freeze                Ice            ####         1%          1    None
b - Throw Frost           Conj/Ice       ####..       1%          2    None
c - Ozocubu's Armour      Chrm/Ice       ###.....     4%          3    ##.....
d - Throw Icicle          Conj/Ice       ####....     1%          4    ####...
e - Summon Ice Beast      Ice/Summ       ####....     4%          4    ####...


Dungeon Overview and Level Annotations

Branches:
Dungeon (9/15)             Temple (1/1) D:5             Orc (0/4) D:9
   Lair: D:8-11

Altars:
Ashenzari
Cheibriados
Dithmenos
Elyvilon
Fedhas
Gozag
Kikubaaqudgha
Makhleb
Nemelex Xobeh
Okawaru
Qazlal
Ru
Sif Muna
Trog
Vehumet
Xom
Yredelemnul
Zin
The Shining One

Shops:
D:5 =

Annotations:
D:9 Erica


Innate Abilities, Weirdness & Mutations

You have a beak for a mouth.
You have claws for feet.
You can fly.


Message History

t - Shout!
Orders for allies: a - Attack new target. r - Retreat! s - Stop attacking. w - Wait here. f - Follow me.
Anything else - Stay silent.
Gang up on whom?
Press: ? - help, Dir - move target cursor, f - Erica
Aim: Erica, wielding a scimitar of flaming and wearing a robe Attack!
Erica gestures at you while chanting. The orb of energy hits you!
You swap places.
Your ice beast closely misses Erica.
Erica closely misses your ice beast.
Your ice beast hits Erica.
Your ice beast freezes Erica!
Your ice beast hits Erica.
Your ice beast freezes Erica!
Erica casts a spell at you. The bolt of poison hits your ice beast.
The bolt of poison hits you!
You are poisoned.
Ouch! That really hurt!
You die...

##### ###...#
......########
#########
###..........#
#.@......#
############.###Y#
..........#.#.##@###
#########..#..(....#
####### #.......>..#
#.....# #..#.......#
#.....# #..#.......#
###'### #..#.......#
#.....# #..#.......#
')....# #..#.......#
####### #..####.####


You could see Erica and a friendly ice beast.

Vanquished Creatures
  Pikel (D:5)
  Sigmund (D:6)
  A polar bear (D:9)
  A troll (D:9)
  A wyvern (D:8)
  A hog (D:9)
  A yak (D:9)
  A human (D:9)
  A hungry ghost (D:8)
  4 wolves (D:9)
  The ghost of Espgualade the Skirmisher, an average TeIE (D:5)
  A hippogriff (D:9)
  Duvessa (D:6)
  A phantom (D:6)
  An orc warrior (D:8)
  A black bear (D:8)
  2 ogres
  4 centaurs
  A giant frog (D:3)
  Dowan (D:6)
  4 scorpions
  10 killer bees
  2 goliath beetles
  2 crimson imps
  5 giant frog skeletons
  A giant frog zombie (D:7)
  5 hounds
  An orc priest (D:8)
  4 orc wizards
  A gnoll shaman (D:7)
  2 jellies
  5 worker ants
  Jessica (D:4)
  A centaur skeleton (D:4)
  Terence (D:3)
  2 iguanas
  2 killer bee zombies
  A sheep (D:9)
  A hound skeleton (D:8)
  A worker ant zombie (D:9)
  5 gnolls (D:5)
  6 adders
  2 white imps (D:9)
  A worker ant simulacrum (D:9)
  2 worms (D:3)
  2 ufetubi (D:9)
  2 adder skeletons
  3 giant geckos
  An ooze (D:1)
  24 orcs
  A ball python (D:1)
  14 goblins
  8 hobgoblins
  15 kobolds
  2 quokkas
  12 bats
  9 giant cockroaches
  A giant gecko skeleton (D:6)
  4 giant newts
  11 jackals
  A quokka skeleton (D:7)
  2 quokka zombies
  20 rats
227 creatures vanquished.

Vanquished Creatures (collateral kills)
  A manticore (D:8)
  2 ogres
  A crocodile (D:9)
  2 electric eels (D:9)
  A killer bee (D:8)
  A hound (D:8)
  A jelly (D:9)
  An iguana (D:7)
  A worker ant (D:8)
  A sheep (D:9)
  A worker ant simulacrum (D:9)
  A bat (D:6)
14 creatures vanquished.

Vanquished Creatures (others)
  A water moccasin (D:5)
  A slave (D:6)
  9 ice beasts
11 creatures vanquished.

Grand Total: 252 creatures vanquished

Notes
Turn   | Place    | Note
--------------------------------------------------------------
     0 | D:1      | Espgualade, the Tengu Ice Elementalist, began the quest for the Orb.
     0 | D:1      | Reached XP level 1. HP: 10/10 MP: 4/4
   488 | D:1      | Reached skill level 1 in Fighting
   673 | D:1      | Reached XP level 2. HP: 12/16 MP: 6/6
  1564 | D:1      | Reached XP level 3. HP: 18/22 MP: 7/7
  2010 | D:1      | Learned a level 2 spell: Throw Frost
  2014 | D:1      | Learned a level 3 spell: Ozocubu's Armour
  2152 | D:2      | Found a blossoming altar of Fedhas.
  2272 | D:2      | Reached skill level 3 in Fighting
  2882 | D:3      | Reached XP level 4. HP: 24/28 MP: 8/8
  2988 | D:3      | Noticed Terence
  2997 | D:3      | Killed Terence
  2997 | D:3      | Reached skill level 4 in Fighting
  3190 | D:3      | Noticed a giant frog
  3199 | D:3      | Killed a giant frog
  3199 | D:3      | Gained mutation: You can fly. [Tengu growth]
  3199 | D:3      | Reached XP level 5. HP: 19/34 MP: 4/9
  3246 | D:3      | Reached skill level 5 in Fighting
  3722 | D:4      | Reached XP level 6. HP: 40/40 MP: 8/10
  3832 | D:4      | Noticed an ogre
  3853 | D:4      | Killed an ogre
  4112 | D:4      | Reached skill level 5 in Dodging
  4252 | D:4      | Reached XP level 7. HP: 38/44 MP: 11/11
  4354 | D:4      | Noticed Jessica
  4362 | D:4      | Killed Jessica
  4370 | D:4      | Found a deep blue altar of Sif Muna.
  4418 | D:4      | Learned a level 4 spell: Throw Icicle
  4419 | D:5      | Entered Level 5 of the Dungeon
  4436 | D:5      | Got a steaming mace
  4437 | D:5      | Identified the +3 mace of Exquisite Torment {antimagic, rPois rC+ rN+ Int-2 Dex+4} (You found it on level 5 of the Dungeon)
  4640 | D:5      | Reached skill level 6 in Dodging
  4810 | D:5      | Found a staircase to the Ecumenical Temple.
  4829 | Temple   | Entered the Ecumenical Temple
  4864 | Temple   | Became a worshipper of Vehumet
  5100 | D:5      | Found a basalt altar of Yredelemnul.
  5118 | D:5      | Reached skill level 7 in Dodging
  5312 | D:5      | Found a bloodstained altar of Trog.
  5326 | D:5      | Found a shattered altar of Ashenzari.
  5329 | D:5      | Found a sacrificial altar of Ru.
  5393 | D:5      | Noticed Espgualade's ghost (average TeIE)
  5408 | D:5      | Killed Espgualade's ghost
  5512 | D:5      | Reached XP level 8. HP: 49/49 MP: 14/14
  5628 | D:5      | Found Igyn's Jewellery Shoppe.
  6386 | D:5      | Learned a level 4 spell: Summon Ice Beast
  6391 | D:6      | Noticed Pikel
  6392 | D:6      | Noticed Sigmund
  6463 | D:5      | Killed Pikel
  6688 | D:6      | Reached skill level 1 in Short Blades
  6688 | D:6      | Reached skill level 1 in Summonings
  6927 | D:6      | Acquired Vehumet's first power
  6927 | D:6      | Offered knowledge of Flame Tongue by Vehumet.
  7001 | D:6      | Killed Sigmund
  7001 | D:6      | Reached XP level 9. HP: 40/54 MP: 16/19
  7013 | D:6      | Found a staircase to the Ecumenical Temple.
  7129 | D:6      | Noticed Duvessa
  7129 | D:6      | Noticed Dowan
  7674 | D:6      | Killed Dowan
  7685 | D:6      | Killed Duvessa
  8134 | D:7      | Reached skill level 5 in Conjurations
  8161 | D:7      | Offered knowledge of Throw Flame by Vehumet.
  8271 | D:7      | Found a blossoming altar of Fedhas.
  8753 | D:8      | Found a glowing silver altar of Zin.
  8774 | D:8      | Reached skill level 5 in Summonings
  9436 | D:8      | Noticed a manticore
  9443 | D:8      | Killed a manticore
  9443 | D:8      | Reached XP level 10. HP: 28/59 MP: 10/20
  9626 | D:8      | Found a sparkling altar of Nemelex Xobeh.
 10377 | D:8      | Reached skill level 5 in Ice Magic
 10391 | D:8      | Offered knowledge of Inner Flame by Vehumet.
 10536 | D:8      | Reached skill level 5 in Stealth
 10949 | D:9      | Acquired Vehumet's second power
 11427 | D:9      | Found a staircase to the Orcish Mines.
 11501 | D:9      | Reached skill level 1 in Crossbows
 11959 | D:9      | Offered knowledge of Fulminant Prism by Vehumet.
 12492 | D:9      | Noticed Erica
 12506 | D:9      | Killed from afar by Erica

Action                   |  1- 3 |  4- 6 |  7- 9 | 10-12 || total
-------------------------+-------+-------+-------+-------++-------
Melee: Unarmed           |    23 |       |       |       ||    23
       Short sword       |    88 |       |       |       ||    88
       Dagger            |     1 |    90 |   342 |   202 ||   635
 Cast: Freeze            |    20 |     8 |    24 |    31 ||    83
       Ozocubu's Armour  |       |     1 |    14 |    10 ||    25
       Throw Frost       |       |       |    20 |    15 ||    35
       Summon Ice Beast  |       |       |     8 |    14 ||    22
       Throw Icicle      |       |       |     1 |     1 ||     2
 Abil: Fly               |       |       |     5 |     7 ||    12
Evoke: Wand              |       |       |     4 |     4 ||     8
  Use: Potion            |     2 |       |    11 |     2 ||    15
       Scroll            |       |       |    11 |       ||    11
 Stab: Sleeping          |     5 |     3 |     7 |       ||    15
       Distracted        |       |       |     1 |       ||     1
       Paralysed         |       |       |     3 |       ||     3
  Eat: Chunk             |     4 |     1 |     4 |     8 ||    17
       Bread ration      |     1 |       |     3 |     1 ||     5
       Fruit             |     1 |       |     4 |     1 ||     6
